 Dungeon Crawl Stone Soup version 0.29-a0-1016-g236c7fd91e (webtiles) character file.

Game seed: 4679353038349398691

2830 nickcage the Impaler (level 9, -6/70 HPs)
             Began as a Minotaur Berserker on Aug 9, 2022.
             Was a Priest of Trog.
             Mangled by a two-headed ogre
             ... wielding a +0 giant club
              (24 damage)
             ... on level 8 of the Dungeon.
             The game lasted 00:14:45 (6921 turns).

nickcage the Impaler (Minotaur Berserker)           Turns: 6921, Time: 00:14:46

Health: -6/70      AC: 13    Str: 26    XL:     9   Next: 45%
Magic:  8/8        EV:  7    Int:  4    God:    Trog [***...]
Gold:   385        SH:  0    Dex: 10    Spells: 8/8 levels left

rFire   . . .      SeeInvis .   c - +5 glaive (freeze)
rCold   . . .      Faith    .   (shield currently unavailable)
rNeg    . . .      Spirit   .   G - +0 plate armour
rPois   .          Reflect  .   (helmet restricted)
rElec   .          Harm     .   F - +0 cloak
rCorr   .          Rampage  .   (no gloves)
Will    .....                   w - +0 pair of boots
Stlth   ..........              (no amulet)
HPRegen 0.21/turn               (no ring)
MPRegen 0.11/turn               (no ring)

@: no status effects
A: horns 2, retaliatory headbutt
a: Renounce Religion, Berserk, Trog's Hand


You were on level 8 of the Dungeon.
You worshipped Trog.
Trog was most pleased with you.
You visited 1 branch of the dungeon, and saw 8 of its levels.
You also visited: Sewer.

You collected 385 gold pieces.

Inventory:

Hand Weapons
 a - a +0 spear
 c - a +5 glaive of freezing (weapon)
 i - a +0 trident
 m - a +0 scythe
Missiles
 E - 4 boomerangs (quivered)
Armour
 b - a +0 animal skin
 f - a +0 scale mail
 s - a +0 chain mail
 u - a +1 cloak of preservation
 w - a +0 pair of boots (worn)
 F - a +0 cloak (worn)
 G - a +0 plate armour (worn)
Jewellery
 I - a ring of see invisible
Wands
 n - a wand of paralysis (6)
 q - a wand of flame (9)
Scrolls
 g - 2 scrolls of noise
 h - 2 scrolls of summoning
 l - a scroll of fog
 p - a scroll of poison
 y - a scroll of fear
 H - 2 scrolls of teleportation
 J - a scroll of identify
Potions
 e - 5 potions of heal wounds
 j - a potion of attraction {unknown}
 k - 3 potions of curing
 o - 2 potions of magic
 r - 2 potions of lignification
 t - 2 potions of flight
 v - a potion of haste {unknown}
 x - 3 potions of degeneration
 z - a potion of might {unknown}
 A - 2 potions of mutation
 B - a potion of ambrosia {unknown}
 C - a potion of cancellation {unknown}
 D - a potion of brilliance {unknown}


   Skills:
 - Level 3.6 Fighting
 + Level 15.6 Polearms
 - Level 2.4 Armour
 - Level 2.1 Dodging


You had 8 spell levels left.
You didn't know any spells.
Your spell library was empty.

Dungeon Overview and Level Annotations

Branches:
Dungeon (8/15)             Temple (0/1) D:6           Sewer (visited)
   Lair: D:8-11

Altars:
Ashenzari
Hepliaklqana
Kikubaaqudgha
Wu Jian


Innate Abilities, Weirdness & Mutations

You have a pair of horns on your head.
You reflexively headbutt those who attack you in melee.


Message History

You throw a poisoned dart.
The poisoned dart hits the two-headed ogre.
The two-headed ogre is poisoned.
You throw a poisoned dart.
The poisoned dart hits the two-headed ogre.
A bullfrog comes into view.
You throw a poisoned dart.
The poisoned dart hits the two-headed ogre.
The two-headed ogre looks even sicker.
The two-headed ogre is lightly wounded.
The bullfrog gives a loud, deep croak!
You hear a shout!
You slash the two-headed ogre! You freeze the two-headed ogre.
You headbutt the two-headed ogre.
The two-headed ogre is moderately wounded.
The two-headed ogre hits you with a +0 giant club!
The two-headed ogre hits you with a +0 giant spiked club!
You barely miss the two-headed ogre.
The two-headed ogre is moderately wounded.
You hit the two-headed ogre. You freeze the two-headed ogre.
You headbutt the two-headed ogre.
The two-headed ogre is heavily wounded.
The two-headed ogre barely misses you. x2
You hit the two-headed ogre. You freeze the two-headed ogre.
The two-headed ogre is heavily wounded.
The bullfrog hits you.
The bullfrog hits you but does no damage.
You barely miss the two-headed ogre.
The two-headed ogre is heavily wounded.
The two-headed ogre hits you with a +0 giant club.
The two-headed ogre hits you with a +0 giant spiked club!!
* * * LOW HITPOINT WARNING * * *
The bullfrog barely misses you. You furiously retaliate!
You headbutt the bullfrog! You hit the two-headed ogre.
You freeze the two-headed ogre. You headbutt the two-headed ogre!
The two-headed ogre is almost dead.
The bullfrog hits you but does no damage.
The orc hits you but does no damage.
The two-headed ogre hits you with a +0 giant club!!
You die...

.##...# ......#
....... .##
....... ....
....... .....
.......
......##....##
.....oF@.....#
#.....Oo....##
..#..(.........
...((........##
............##
............#
##.........##
###.......#


You could see a two-headed ogre (poisoned), a bullfrog and 2 orcs.

Vanquished Creatures
  Pikel (D:4)
  Sigmund (D:2)
  2 water moccasins
  A sky beast (D:6)
  2 black bears
  3 ice beasts
  An ogre (D:5)
  4 phantoms
  2 lemures (D:4)
  2 bullfrogs (D:7)
  A scorpion (D:6)
  2 necrophages
  6 killer bees (D:7)
  A howler monkey (D:4)
  3 hounds
  Crazy Yiuf (D:2)
  2 orc priests (D:5)
  3 iguanas
  An orc wizard (D:5)
  Robin (D:2)
  7 adders
  3 shadow imps
  2 white imps
  An ufetubus (D:6)
  5 worms
  8 orcs
  5 ball pythons
  5 bats
  4 endoplasms
  2 giant cockroaches
  9 goblins
  9 hobgoblins
  8 jackals
  3 kobolds
  5 quokkas
  3 frilled lizards (D:2)
  5 rats
124 creatures vanquished.

Notes
Turn   | Place    | Note
-------+----------+-------------------------------------------
     0 | D:1      | nickcage the Minotaur Berserker began the quest for the
                  | Orb.
     0 | D:1      | Reached XP level 1. HP: 19/19 MP: 0/0
   208 | D:1      | Reached skill level 4 in Polearms
   284 | D:1      | Reached XP level 2. HP: 26/26 MP: 1/1
   797 | D:2      | Noticed Sigmund
   810 | D:2      | Killed Sigmund
   811 | D:2      | Reached skill level 7 in Polearms
   811 | D:2      | Reached XP level 3. HP: 18/31 MP: 2/2
   811 | D:2      | Reached XP level 4. HP: 22/39 MP: 3/3
   811 | D:2      | Reached XP level 5. HP: 26/45 MP: 4/4
  1239 | D:2      | Found a runed translucent door.
  1240 | D:2      | Noticed Crazy Yiuf
  1245 | D:2      | Killed Crazy Yiuf
  1449 | D:2      | Identified a scroll of acquirement
  1449 | D:2      | Acquired a +4 glaive of freezing
  1457 | D:2      | Noticed Robin
  1463 | D:2      | Killed Robin
  1471 | D:2      | Reached ** piety under Trog
  1492 | D:2      | Reached skill level 8 in Polearms
  1814 | D:3      | Noticed a phantom
  1821 | D:3      | Killed a phantom
  1822 | D:3      | Reached XP level 6. HP: 50/51 MP: 5/5
  1835 | D:3      | Found a broken altar of Ashenzari.
  2590 | D:4      | Noticed Pikel
  2600 | D:4      | Killed Pikel
  2601 | D:4      | Reached skill level 11 in Polearms
  2601 | D:4      | Reached XP level 7. HP: 24/57 MP: 6/6
  2647 | D:4      | Found a hazy altar of Hepliaklqana.
  2814 | D:4      | Found a glowing drain.
  2818 | Sewer    | Entered a sewer
  2881 | Sewer    | Reached XP level 8. HP: 64/64 MP: 7/7
  3865 | D:5      | Entered Level 5 of the Dungeon
  3881 | D:5      | Reached skill level 12 in Polearms
  4518 | D:5      | Found an ornate altar of the Wu Jian Council.
  4544 | D:5      | Reached skill level 13 in Polearms
  4891 | D:5      | Reached *** piety under Trog
  5397 | D:6      | Found a staircase to the Ecumenical Temple.
  5462 | D:6      | Reached skill level 14 in Polearms
  5651 | D:6      | Reached XP level 9. HP: 70/70 MP: 8/8
  5990 | D:6      | Found an ancient bone altar of Kikubaaqudgha.
  6373 | D:7      | Reached skill level 15 in Polearms
  6912 | D:8      | Noticed a two-headed ogre
  6921 | D:8      | Mangled by a two-headed ogre

Illustrated notes

Levels and vault maps discovered:
D:1:      wander_arrival_abandoned_jail, layout_loops_ring
D:2:      layout_loops_cross, due_unseen_surprise, uniq_crazy_yiuf_cottage,
          uniq_robin, uniq_sigmund
D:3:      layout_loops_ring, mainiacjoe_overflow_alcove_1
D:4:      layout_loops_corners, nicolae_hepliaklqana_hazy_memory,
          gup_sewer_entry_spiral, hangedman_abyss_or_decor_jellyfish_corner,
          chequers_serial_rivers_large_a, minmay_misc_feat_nine_boxes,
          uniq_pikel
D:5:      layout_layer_cave, nzn_wu_jian_contemplation
D:6:      layout_cave_pools, kennysheep_mini_moat, minmay_temple_entry_ruins,
          st_stairs_14
D:7:      layout_rooms
D:8:      layout_cave_pools, uniq_maurice

Skill      XL: |  1  2  3  4  5  6  7  8  9 |
---------------+----------------------------+-----
Polearms       | 4 7 8 11 14 15 | 15.6
Fighting       | |  3.6
Armour         | |  2.4
Dodging        | |  2.1

Action                   |  1- 3 |  4- 6 |  7- 9 || total
-------------------------+-------+-------+-------++-------
Melee: Spear             |     9 |       |       ||     9
       Trident           |    25 |       |       ||    25
       Glaive            |       |    87 |   163 ||   250
       Halberd           |       |    26 |       ||    26
       Headbutt          |       |     8 |    18 ||    26
Throw: Dart              |     3 |       |     5 ||     8
  Use: Scroll            |       |    11 |     7 ||    18
       Potion            |       |       |     1 ||     1
Armor: Scale mail        |     8 |     3 |       ||    11
       Chain mail        |       |    39 |    23 ||    62
       Plate armour      |       |       |    44 ||    44
Dodge: Dodged            |     6 |    40 |    48 ||    94

Table legend: (Time is in decaauts)
 A = Elapsed time spent in this place.
 B = Non-inter-level travel time spent in this place.
 C = Inter-level travel time spent in this place.
 D = Time resting spent in this place.
 E = Time spent auto-exploring this place.
 F = Levels seen in this place.
 G = Mean time per level.
                   A        B        C        D        E       F      G
               +--------+--------+--------+--------+--------+-----+--------+
         Total |   7015 |   6879 |    136 |    508 |   5327 |   9 |  779.4 |
       Dungeon |   6691 |   6555 |    136 |    308 |   5246 |   8 |  836.4 |
         Sewer |    324 |    324 |      0 |    200 |     80 |   1 |  324.0 |
               +--------+--------+--------+--------+--------+-----+--------+

Top non-repeatable levels by time:
     D:5: 1525 daAuts
     D:4: 1169 daAuts
     D:2: 932 daAuts
     D:1: 795 daAuts
     D:6: 784 daAuts
     D:7: 739 daAuts
     D:3: 736 daAuts
   Sewer: 324 daAuts
     D:8: 8 daAuts
